AoeStats
← Dr_DanglePeen_AD

Hideout

503740548Analyzed
4v4 RM · 29d ago on Sep 2, 2026· 54m 45s· 8 players
Game mode
Random Map
Map size
Large (8 player)
Population
200
Speed
Normal
Resources
Standard
Victory
Conquest
Starting age
Dark Age
Ending age
Imperial Age
RankedLock teamsTeams togetherTeam positionsShared explorationLock speedFull tech treeHidden civsTurbo modeCheats
Victory
Defeat
🇺🇸 Wei · United States
1279
+10
🇧🇷 Ethiopians · Brazil
1164
+15
🇺🇸 Vikings · United States
1159
+15
🇧🇸 Italians · Bahamas
1151
+15
🇺🇸 Franks · United States
1227
-18
🇺🇸 Aztecs · United States
1110
-12
🇺🇸 Teutons · United States
1103
-12
🇨🇦 Saracens · Canada
1101
-12
DLonger7
10:30 Feudal Age
14:43 Castle Age
13:05 Double-Bit Axe
13:03 Horse Collar
14:04 Stone Mining
15:54 Bow Saw
19:04 Gold Mining
22:01 Scale Barding Armor
23:38 Chain Barding Armor
26:26 Heavy Plow
28:43 Tuntian
30:25 Wheelbarrow
30:39 Devotion
30:54 Bloodlines
30:51 Husbandry
31:50 Gold Shaft Mining
31:23 Loom
31:25 Town Watch
32:03 Forging
35:14 Imperial Age
33:24 Hand Cart
33:56 Stone Shaft Mining
34:17 Iron Casting
35:50 Coinage
35:25 Elite Tiger Cavalry
36:31 Ming Guang Armor
37:17 Blast Furnace
36:51 Conscription
37:48 Town Patrol
40:52 Chemistry
40:06 Masonry
43:32 Caravan
45:22 Hoardings
cortes.av
10:13 Feudal Age
13:56 Fletching
16:43 Padded Archer Armor
17:31 Loom
21:17 Castle Age
20:20 Gold Mining
21:33 Crossbowman
22:19 Thumb Ring
22:29 Double-Bit Axe
25:27 Wheelbarrow
27:38 Ballistics
27:31 Horse Collar
33:33 Gold Shaft Mining
33:10 Bodkin Arrow
38:37 Imperial Age
36:55 Leather Archer Armor
36:57 Scale Mail Armor
38:01 Heavy Plow
38:51 Arbalester
40:14 Bracer
40:44 Ring Archer Armor
41:20 Chemistry
40:32 Masonry
42:26 Bow Saw
42:09 Capped Ram
43:18 Conscription
44:18 Siege Ram
45:11 Caravan
48:13 Hand Cart
49:19 Elite Shotel Warrior
51:17 Chain Mail Armor
51:13 Forging
54:52 Two-Man Saw
junior_nyc
11:04 Feudal Age
10:50 Loom
14:49 Castle Age
13:23 Double-Bit Axe
14:18 Horse Collar
24:18 Stone Mining
26:03 Wheelbarrow
25:49 Fletching
27:31 Gold Mining
27:47 Padded Archer Armor
28:34 Thumb Ring
32:48 Imperial Age
31:05 Heavy Plow
31:53 Ballistics
31:08 Light Cavalry
33:00 Hand Cart
34:40 Chemistry
34:29 Conscription
34:34 Bloodlines
35:12 Town Watch
36:07 Caravan
36:50 Bodkin Arrow
37:11 Leather Archer Armor
38:03 Bow Saw
38:56 Silk Road
39:17 Elite Genoese Crossbowman
40:39 Ring Archer Armor
40:12 Bracer
40:36 Husbandry
41:36 Hussar
43:20 Scale Barding Armor
46:21 Forging
48:41 Iron Casting
48:27 Chain Barding Armor
50:13 Plate Barding Armor
50:40 Blast Furnace
51:19 Cavalier
Dr_DanglePeen_AD
11:30 Feudal Age
15:59 Castle Age
20:13 Loom
24:04 Double-Bit Axe
24:03 Horse Collar
25:32 Chieftains
25:35 Scale Mail Armor
26:20 Forging
28:06 Heavy Plow
28:32 Bow Saw
32:33 Chain Mail Armor
32:53 Iron Casting
36:52 Imperial Age
37:01 Elite Berserk
38:03 Conscription
38:20 Plate Mail Armor
40:49 Blast Furnace
42:41 Squires
42:27 Arson
44:40 Town Watch
Falx
6:43 Loom
9:28 Feudal Age
11:30 Man-at-Arms
13:12 Double-Bit Axe
16:20 Horse Collar
21:16 Castle Age
19:42 Padded Archer Armor
22:03 Wheelbarrow
21:56 Scale Mail Armor
22:02 Scale Barding Armor
21:22 Pikeman
21:59 Gambesons
22:20 Squires
22:56 Bloodlines
23:22 Bow Saw
26:38 Chain Mail Armor
28:12 Forging
28:16 Arson
29:15 Chain Barding Armor
31:12 Iron Casting
34:56 Town Watch
35:39 Heavy Plow
35:34 Gold Mining
39:26 Imperial Age
37:30 Hand Cart
39:44 Capped Ram
40:48 Siege Engineers
41:45 Chemistry
41:07 Onager
41:40 Cavalier
50:15 Plate Barding Armor
50:44 Blast Furnace
52:00 Long Swordsman
53:31 Plate Mail Armor
53:06 Two-Handed Swordsman
_StuNNa_
11:09 Feudal Age
9:40 Loom
11:27 Feudal Age
15:25 Castle Age
13:36 Double-Bit Axe
16:34 Bow Saw
20:37 Forging
21:29 Scale Barding Armor
23:35 Chain Barding Armor
25:13 Iron Casting
28:10 Husbandry
28:10 Gold Mining
29:00 Stone Mining
32:12 Gold Shaft Mining
35:01 Imperial Age
33:07 Wheelbarrow
34:16 Hand Cart
34:16 Scale Mail Armor
36:20 Plate Barding Armor
36:55 Blast Furnace
35:32 Cavalier
37:30 Paladin
39:08 Chain Mail Armor
40:15 Conscription
43:31 Caravan
44:24 Light Cavalry
46:47 Chivalry
52:06 Plate Mail Armor
PattyBoi13
4:20 Loom
11:55 Feudal Age
12:29 Double-Bit Axe
12:25 Horse Collar
19:14 Castle Age
17:35 Stone Mining
17:54 Gold Mining
19:28 Fletching
19:38 Padded Archer Armor
21:53 Heavy Plow
22:13 Town Watch
23:04 Wheelbarrow
23:18 Forging
25:15 Bloodlines
26:50 Husbandry
29:38 Scale Barding Armor
30:08 Iron Casting
31:59 Bow Saw
32:47 Treadmill Crane
33:28 Ballistics
37:19 Imperial Age
35:39 Chain Barding Armor
36:24 Hand Cart
38:55 Conscription
38:00 Elite Mameluke
40:06 Hoardings
40:21 Siege Engineers
40:27 Masonry
40:39 Light Cavalry
42:40 Leather Archer Armor
42:20 Bodkin Arrow
43:41 Chemistry
42:44 Murder Holes
42:17 Elite Skirmisher
43:03 Caravan
43:33 Thumb Ring
44:49 Two-Man Saw
45:15 Ring Archer Armor
44:46 Bracer
46:11 Onager
50:15 Parthian Tactics
49:11 Heavy Cavalry Archer
51:40 Counterweights
Squatch360
1:36 Loom
9:29 Feudal Age
10:00 Double-Bit Axe
9:37 Man-at-Arms
12:06 Arson
14:26 Horse Collar
19:27 Castle Age
17:57 Fletching
20:11 Bodkin Arrow
22:23 Wheelbarrow
21:11 Elite Skirmisher
23:52 Hand Cart
31:29 Imperial Age
29:40 Heavy Plow
30:28 Scale Mail Armor
30:38 Forging
31:23 Bow Saw
31:32 Chain Mail Armor
32:23 Bracer
33:57 Ballistics
33:44 Siege Engineers
35:25 Conscription
35:45 Plate Mail Armor
36:07 Squires
36:50 Garland Wars
36:28 Pikeman
37:44 Elite Jaguar Warrior
42:06 Chemistry
40:47 Treadmill Crane
41:03 Murder Holes
42:42 Iron Casting
45:23 Blast Furnace
47:53 Capped Ram
Connection lost

Rejoining the realm…

Still unreachable

The connection could not be restored.

Session expired

The server has moved on; the page needs a fresh start.